 Dungeon Crawl Stone Soup version 0.26.1-11-gd32895ea62 (webtiles) character file.

Game seed: 1241963072349534450

13 Zeld the Gusty (level 2, -1/16 HPs)
             Began as a Tengu Air Elementalist on June 6, 2021.
             Slain by a gnoll
             ... wielding a +0 spear
              (2 damage)
             ... on level 1 of the Dungeon.
             The game lasted 00:01:22 (1035 turns).

Zeld the Gusty (Tengu Air Elementalist)             Turns: 1035, Time: 00:01:23

Health: -1/16      AC:  2    Str:  8    XL:     2   Next: 37%
Magic:  6/6        EV: 13    Int: 15    God:
Gold:   25         SH:  0    Dex: 14    Spells: 4/5 levels left

rFire    . . .     SeeInvis .   (no weapon)
rCold    . . .     Faith    .   (no shield)
rNeg     . . .     Spirit   .   a - +0 robe
rPois    .         Reflect  .   (helmet restricted)
rElec    .         Harm     .   (no cloak)
rCorr    .         Rampage  .   (no gloves)
Will     .....                  (boots unavailable)
Stlth    ++........             (no amulet)
HPRegen  0.05/turn              (no ring)
MPRegen  0.10/turn              (no ring)

@: no status effects
A: beak, talons 3
a: no special abilities


You were on level 1 of the Dungeon.
You visited 1 branch of the dungeon, and saw 1 of its levels.

You collected 25 gold pieces.

Inventory:

Armour
 a - a +0 robe (worn)
Scrolls
 b - a scroll of noise {unknown}
 d - 2 scrolls of identify {unknown}
 e - a scroll of random uselessness {unknown}
 g - a scroll of teleportation {unknown}
 h - a scroll of enchant weapon {unknown}
Potions
 c - a potion of cancellation {unknown}
 f - a potion of degeneration {unknown}


   Skills:
 + Level 0.4 Fighting
 + Level 2.3 Dodging
 - Level 2.0 Stealth
 * Level 2.2 Spellcasting
 - Level 1.3 Conjurations
 * Level 4.4 Air Magic


You had 4 spell levels left.
You knew the following spells:

 Your Spells              Type           Power        Failure   Level
a - Shock                 Conj/Air       40%          7%          1

Your spell library contained the following spells:

 Spells                   Type           Power        Failure   Level
 Swiftness                Air            14%          5%          2
 Static Discharge         Conj/Air       10%          21%         3
 Airstrike                Air            7%           34%         4
 Lightning Bolt           Conj/Air       5%           88%         5


Dungeon Overview and Level Annotations

Branches:
Dungeon (1/15)

Altars:


Innate Abilities, Weirdness & Mutations

You have a beak for a mouth.
You have claws for feet.


Message History

The giant cockroach bites you but does no damage.
You hit the giant cockroach but do no damage.
Your kick misses the giant cockroach. Your peck misses the giant cockroach.
The giant cockroach is severely wounded.
The giant cockroach bites you.
The gnoll hits you from afar with a +0 spear.
The giant cockroach bites you.
You closely miss the giant cockroach.
The giant cockroach is severely wounded.
The gnoll hits you but does no damage. The giant cockroach bites you.
The giant cockroach closely misses you. The giant cockroach bites you.
The giant cockroach bites you but does no damage.
The giant cockroach closely misses you.
The giant cockroach bites you but does no damage.
The gnoll hits you from afar with a +0 spear!
Ouch! That really hurt!
* * * LOW HITPOINT WARNING * * *
The gnoll hits you from afar with a +0 spear.
You die...

##.#...####....########
.#.#(#.......##### ##########
.#.#...#.#.......# #........#
.................#####........#
...(.###......................#
...#.# #.#.......#####........#
...#.# #.#....g..# #........#
.#.#.###.#.....rB# ##########
##...##..###.###@# #.......##
#.# #.# #.......# ##.# #.#
#.......###..###.#
#.......#......#..
........#......###
.#...>.............
........#......####
##......#......#


You could see a gnoll, a giant cockroach and a rat.

Vanquished Creatures
  A leopard gecko (D:1)
  A giant cockroach (D:1)
  A goblin (D:1)
  A hobgoblin (D:1)
  2 ball pythons (D:1)
  A bat (D:1)
  3 kobolds (D:1)
  3 rats (D:1)
13 creatures vanquished.

Notes
Turn   | Place    | Note
-------+----------+-------------------------------------------
     0 | D:1      | Zeld the Tengu Air Elementalist began the quest for the
                  | Orb.
     0 | D:1      | Reached XP level 1. HP: 10/10 MP: 4/4
   571 | D:1      | Reached XP level 2. HP: 15/15 MP: 1/6
  1035 | D:1      | Slain by a gnoll

Illustrated notes

Levels and vault maps discovered:
D:1:      dpeg_arrival_leaves_temple_mockup, layout_rooms, minmay_vboxes

Action                   || total
-------------------------++-------
Melee: Unarmed           ||     5
       Peck              ||     2
 Cast: Shock             ||    34
Armor: Robe              ||     3
Dodge: Dodged            ||     6
